 Dungeon Crawl Stone Soup version 0.20-a0-945-g3bf614a (webtiles) character file.

43 Duffy the Chopper (level 3, 34/34 HPs)
             Began as a Naga Fighter on Apr 1, 2017.
             Quit the game on level 1 of the Dungeon.
             The game lasted 00:01:11 (1585 turns).

Duffy the Chopper (Naga Fighter)                    Turns: 1585, Time: 00:01:12

Health: 34/34      AC:  4    Str: 19    XL:     3   Next: 58%
Magic:  3/3        EV:  5    Int:  8    God:
Gold:   85         SH:  9    Dex: 10    Spells: 2/2 levels left

rFire    . . .     SeeInvis +   a - +0 war axe
rCold    . . .     Gourm    .   c - +0 shield
rNeg     . . .     Faith    .   b - +0 scale mail
rPois    +         Spirit   .   (no helmet)
rElec    .         Reflect  .   (no cloak)
rCorr    .         Harm     .   (no gloves)
MR       .....                  (no barding)
Stlth    ..........             (no amulet)
Regen    0.2/turn               s - ring of loudness (curse)
MPRegen  0.1/turn               (no ring)

@: very slow
A: see invisible, deformed body, poison resistance, slowness 2, slow metabolism
1, spit poison 1, AC +1
a: Spit Poison


You were on level 1 of the Dungeon.
You were not hungry.

You visited 1 branch of the dungeon, and saw 2 of its levels.

You collected 85 gold pieces.

Inventory:

Hand Weapons
 a - a +0 war axe (weapon)
Armour
 b - a +0 scale mail (worn)
 c - a +0 shield (worn)
Jewellery
 s - a cursed ring of loudness (left hand)
Wands
 o - a wand of random effects (41/48)
Scrolls
 e - 2 scrolls of identify {unknown}
 i - a scroll of enchant weapon {unknown}
 j - a scroll of remove curse {unknown}
 k - a scroll of magic mapping {unknown}
 l - a scroll of fear {unknown}
 m - a scroll of blinking {unknown}
 n - 2 scrolls of teleportation {unknown}
Potions
 d - a potion of might
 h - 3 potions of curing
Comestibles
 f - 4 bread rations
 g - 3 fruits
 q - a meat ration


   Skills:
 - Level 3.0 Fighting
 + Level 3.2 Axes
 - Level 2.4 Armour
 + Level 3.0 Shields


You had 2 spell levels left.
You didn't know any spells.

Dungeon Overview and Level Annotations

Branches:
Dungeon (2/15)

Altars:
Qazlal


Innate Abilities, Weirdness & Mutations

You cannot wear boots.
Your serpentine skin is tough. (AC +1)
You have supernaturally acute eyesight. (SInv)
Armour fits poorly on your strangely shaped body.
Your system is resistant to poisons. (rPois)
You cover ground very slowly.
You have a slow metabolism.
You can spit poison.


Message History

There is a stone staircase leading down here.
Okay, then.
You open the door.
There is an open door here.
A frilled lizard comes into view.
It was a potion of flight.
You feel very buoyant.
You fly up into the air.
The frilled lizard hisses angrily.
You slash the frilled lizard!
You kill the frilled lizard!
No target in view!
You see here a frilled lizard corpse.
(D) Dungeon
Where to? (Enter - D:1 @ (x,y), ? - help)
You see here 4 stones.
You are starting to lose your buoyancy.
You float gracefully downwards.
Why would you want to do that?
Are you sure you want to abandon this character and quit the game? (Confirm with "yes".)

..# #.......#.....# #.# #..
..# #.......#.....###.#####
.## #..~~0..#.....%.......#
.# #0~0~~~.#.....###......
%# #0~~"~~.#..............
.#######
#.0~>0~.#....###.......
%......#
#0~~!~~.#....+.........
######.#
#.~~~~~0#....####...... #
#.# #0.0~~@.#.....(.'......
# #.#
##.......####..###.....# #
#.###.........####(# #.....#
#
#.#.............##.###....##
#
#.#.............##..###'###
# #.........####..###.# #.#
########### #.####.# #.####
#.# #..# #..... #.# #.##
######


There were no monsters in sight!

Vanquished Creatures
  2 oozes
  A worm (D:2)
  A dart slug (D:2)
  2 giant cockroaches (D:1)
  4 goblins
  4 hobgoblins
  2 bats (D:1)
  4 frilled lizards
  7 kobolds
  3 rats
30 creatures vanquished.

Notes
Turn   | Place    | Note
-------+----------+-------------------------------------------
     0 | D:1      | Duffy the Naga Fighter began the quest for the Orb.
     0 | D:1      | Reached XP level 1. HP: 21/21 MP: 1/1
   198 | D:1      | Reached XP level 2. HP: 25/28 MP: 2/2
   820 | D:2      | Reached XP level 3. HP: 26/34 MP: 3/3
   931 | D:2      | Found a stormy altar of Qazlal.
  1585 | D:1      | Quit the game

Vault maps used:
D:1:      lemuel_arrival_lava_pool
D:2:      overflow_temple_1_default, first_bread

Skill      XL: |  1  2  3 |
---------------+----------+-----
Axes           | 3 |  3.2
Shields        | 3 |  3.0
Fighting       | |  3.0
Armour         | |  2.4

Action                   || total
-------------------------++-------
Melee: War axe           ||    75
  Use: Potion            ||     2
  Eat: Chunk             ||     1
Armor: Scale mail        ||    26
Dodge: Dodged            ||    11
Block: Shield            ||    29
